Map: Moonlight Madness LE (Void)

Players

RepMeaSt (Semper) - Winner!

  • Race: Terran Terran
  • League: Master

BIGBOY (Patience)

  • Race: Protoss Protoss
  • League: Master

Event: Team Gravity's Fight Night #36

VOD

https://youtu.be/0fvoiOR0kIU?t=49m36s

Description

Time

  • Played on: Oct. 25, 2015, 7:35 p.m.
  • Length: 12:48

All games in this series

Show
View Real Time Build Order
Export as new Build Order

RepMeaSt Terran - Winner!

Build Orders: Command Center First (CC), MMM Bio 

Get SALT Encoding   

  12  0:01  SCV  
  13  0:13  SCV  
  14  0:18  Supply Depot  
  14  0:25  SCV  
  15  0:40  SCV  
  16  0:52  SCV  
  17  1:00  Command Center  
  17  1:04  SCV  
  18  1:13  Barracks  
  18  1:17  SCV  
  19  1:29  SCV  
  19  1:32  Barracks  
  20  1:41  SCV  
  21  1:53  SCV  
  22  2:01  Marine  
  23  2:12  Orbital Command  
  23  2:15  Orbital Command  
  23  2:19  Marine  
  23  2:20  Marine  
  23  2:21  Barracks  
  25  2:26  Refinery  
  25  2:27  Refinery  
  25  2:38  SCV  
  25  2:39  Marine x2  
  25  2:40  SCV  
  29  2:50  SCV  
  30  2:55  SCV  
  30  2:57  Supply Depot, Marine  
  33  3:01  Barracks Tech Lab  
  33  3:02  SCV  
  33  3:05  Bunker  
  33  3:08  SCV  
  32  3:14  Marine x2  
  32  3:16  SCV  
  35  3:21  Stimpack, Marine  
  35  3:22  SCV  
  37  3:28  SCV  
  37  3:34  SCV, Marine x2  
  39  3:37  Factory  
  39  3:38  Supply Depot  
  39  3:40  SCV  
  39  3:41  Marine  
  42  3:46  SCV  
  44  3:52  Marine x2  
  46  3:59  SCV x2, Marine  
  46  4:00  Supply Depot  
  49  4:03  Engineering Bay  
  49  4:09  Marine  
  46  4:10  Marine  
  46  4:11  SCV x2  
  47  4:17  Marine  
  47  4:24  SCV, Starport, Factory Reactor  
  47  4:26  SCV  
  47  4:31  Marine  
  48  4:34  Marine  
  50  4:39  Supply Depot, SCV  
  50  4:40  SCV  
  50  4:44  Terran Infantry Weapons Level 1  
  52  4:49  Marauder  
  52  4:51  Barracks Reactor  
  54  4:53  SCV, Barracks Tech Lab  
  54  4:54  SCV  
  54  4:59  Refinery  
  56  5:05  SCV  
  56  5:06  SCV  
  58  5:11  Medivac  
  58  5:12  Refinery  
  58  5:13  Medivac  
  62  5:15  Marine x2  
  62  5:17  SCV  
  62  5:21  Supply Depot  
  65  5:22  SCV, Missile Turret  
  65  5:26  Missile Turret  
  66  5:29  Combat Shields  
  66  5:30  SCV, Marine  
  66  5:31  Marine  
  66  5:34  SCV  
  70  5:40  Supply Depot  
  70  5:42  Marine x2  
  72  5:45  SCV  
  73  5:50  SCV  
  74  5:57  Marine  
  74  5:58  Marine  
  74  6:00  Marauder  
  74  6:03  Command Center  
  78  6:04  SCV  
  78  6:05  SCV  
  80  6:13  Supply Depot  
  80  6:14  Supply Depot  
  80  6:15  Medivac  
  80  6:16  SCV  
  80  6:18  Factory Reactor  
  82  6:23  Bunker  
  82  6:24  Marauder  
  83  6:27  Concussive Shells  
  83  6:28  Marauder  
  83  6:30  SCV  
  86  6:36  Marine x2  
  87  6:40  Supply Depot  
  87  6:41  Barracks  
  87  6:49  Marine  
  87  6:50  Marauder  
  87  6:53  Medivac x2  
  93  6:54  SCV x2  
  94  7:03  Marine  
  94  7:06  SCV  
  94  7:08  Marauder  
  92  7:09  Marine  
  92  7:11  Liberator x2  
  92  7:13  SCV  
  92  7:14  Supply Depot, Marine  
  93  7:18  SCV  
  93  7:21  Widow Mine x2, Marine  
  93  7:22  Terran Infantry Armor Level 1  
  99  7:23  Supply Depot, Barracks  
  99  7:27  Marine  
  106  7:30  Marine  
  107  7:42  SCV  
  107  7:44  Marauder, Marine  
  103  7:51  Marauder, Marine x2  
  107  8:01  Marine  
  105  8:06  Marauder  
  105  8:08  Marine  
  105  8:09  Marine  
  107  8:13  Command Center, Marauder  
  107  8:19  Marine  
  109  8:26  Marine x2  
  113  8:34  Marauder  
  113  8:36  Supply Depot, Barracks Reactor  
  113  8:37  Armory, Engineering Bay, Marine  
  113  8:38  Barracks Tech Lab, Medivac  
  113  8:40  SCV  
  118  8:49  Supply Depot x2, SCV, Marine  
  118  8:53  Marine  
  121  8:57  Marine  
  121  8:58  Marauder  
  121  8:59  Marine  
  121  9:07  Marine  
  120  9:17  Marine  
  120  9:18  Marauder  
  120  9:21  Marine  
  120  9:22  Marauder  
  123  9:26  Marine  
  123  9:30  Orbital Command  
  121  9:31  Medivac  
  121  9:35  SCV x2, Marine  
  126  9:39  Marauder  
  126  9:40  Medivac  
  130  9:48  Marine  
  130  9:49  Marauder  
  133  9:53  Marine  
  133  9:54  Marauder  
  133  9:55  Widow Mine x2  
  133  9:56  Terran Infantry Weapons Level 2  
  140  10:00  Marine  
  140  10:01  Bunker  
  140  10:03  Refinery  
  140  10:06  Medivac  
  143  10:12  Marine  
  142  10:16  Marine  
  142  10:17  Marauder, Marine  
  140  10:23  Widow Mine  
  141  10:33  Marine x2  
  141  10:34  Marauder  
  134  10:37  Marauder  
  134  10:38  Marine  
  128  10:46  Liberator x2  
  123  10:53  Marine  
  121  11:00  Command Center, Marine x2  
  121  11:01  Marauder  
  121  11:02  Marauder  
  131  11:04  Widow Mine x2  
  131  11:10  Marine  
  136  11:18  Marine x2  
  128  11:22  Marauder  
  128  11:23  Marine  
  125  11:29  Marine  
  122  11:36  Marine  
  122  11:37  Marauder  
  124  11:41  Marine  
  124  11:43  Marine  
  124  11:47  Marine  
  116  11:54  Marine  
  108  11:58  Marauder  
  108  11:59  Marine  
  108  12:00  Medivac, Marine x2  
  114  12:01  Widow Mine x2  
  114  12:02  Marauder  
  114  12:03  SCV x2  
  114  12:04  Marine  
  123  12:11  Marine  
  124  12:17  Marine  
  124  12:18  Marine x2  
  124  12:19  Marauder  
  129  12:23  Marine, Marauder  
  129  12:29  Barracks, Marine  
  133  12:30  Barracks x2  
Show
View Real Time Build Order
Export as new Build Order

BIGBOY Protoss 

Build Orders: 1 Gate Expand, Oracle Opening 

Get SALT Encoding   

  12  0:01  Probe (Chrono Boost)  
  13  0:12  Probe (Chrono Boost)  
  14  0:20  Pylon  
  14  0:22  Probe (Chrono Boost)  
  15  0:38  Probe (Chrono Boost), Gateway  
  16  0:44  Assimilator  
  16  0:49  Probe (Chrono Boost)  
  17  0:59  Probe (Chrono Boost)  
  18  1:10  Probe (Chrono Boost)  
  19  1:24  Nexus  
  19  1:26  Probe (Chrono Boost)  
  20  1:34  Cybernetics Core  
  20  1:36  Probe (Chrono Boost)  
  21  1:43  Assimilator  
  21  1:47  Probe (Chrono Boost)  
  22  1:56  Pylon  
  22  1:57  Probe (Chrono Boost)  
  23  2:14  Probe (Chrono Boost), Adept  
  26  2:22  Stargate  
  26  2:25  Probe (Chrono Boost)  
  27  2:34  Warp Gate  
  27  2:36  Probe (Chrono Boost)  
  27  2:37  Probe (Chrono Boost)  
  29  2:46  Probe (Chrono Boost)  
  29  2:47  Probe (Chrono Boost)  
  31  2:57  Nexus  
  31  3:00  Probe (Chrono Boost)  
  31  3:01  Probe (Chrono Boost)  
  33  3:08  Oracle (Chrono Boost)  
  36  3:14  Probe (Chrono Boost)  
  36  3:15  Probe  
  40  3:27  Probe (Chrono Boost), Pylon  
  40  3:28  Probe (Chrono Boost)  
  40  3:34  Twilight Council  
  40  3:35  Forge  
  40  3:39  Probe (Chrono Boost)  
  41  3:42  Mothership Core (Chrono Boost)  
  41  3:45  Assimilator  
  43  3:50  Probe (Chrono Boost)  
  43  3:54  Pylon  
  44  4:00  Probe x2 (Chrono Boost)  
  46  4:10  Blink  
  46  4:11  Probe (Chrono Boost)  
  47  4:21  Probe x2 (Chrono Boost)  
  47  4:22  Gateway  
  47  4:23  Gateway, Protoss Ground Weapons Level 1 (Chrono Boost)  
  49  4:24  Gateway  
  49  4:26  Probe (Chrono Boost)  
  50  4:31  Probe (Chrono Boost)  
  50  4:33  Gateway  
  51  4:40  Gateway  
  51  4:41  Probe  
  51  4:43  Probe x2  
  54  4:52  Sentry, Probe  
  56  4:55  Probe x2  
  56  4:57  Pylon  
  59  5:01  Gateway  
  59  5:03  Pylon  
  59  5:04  Gateway  
  59  5:05  Probe  
  60  5:07  Probe  
  60  5:13  Probe  
  62  5:16  Probe  
  62  5:19  Probe, Robotics Facility  
  64  5:26  Sentry x2  
  64  5:27  Stalker x2  
  72  5:28  Probe  
  72  5:30  Probe, Assimilator  
  74  5:41  Pylon  
  74  5:42  Pylon x2  
  74  5:44  Pylon  
  74  5:53  Stalker x4  
  74  5:56  Probe  
  79  5:57  Probe  
  79  6:01  Stalker x2  
  85  6:07  Resonating Glaives, Probe  
  85  6:10  Observer (Chrono Boost)  
  87  6:13  Pylon  
  87  6:22  Probe x3  
  90  6:25  Adept x2  
  90  6:26  Adept x2  
  90  6:28  Assimilator  
  98  6:34  Adept x3  
  98  6:35  Adept  
  98  6:38  Pylon  
  98  6:39  Probe x3  
  109  6:43  Assimilator  
  109  6:50  Warp Prism (Chrono Boost)  
  111  6:54  Pylon  
  111  6:55  Robotics Bay  
  111  6:57  Probe, Pylon  
  111  6:58  Probe x2  
  106  7:15  Stalker  
  106  7:16  Stalker x5  
  106  7:21  Probe x3  
  119  7:26  Robotics Facility  
  119  7:49  Disruptor (Chrono Boost)  
  119  7:51  Pylon  
  114  7:53  Pylon  
  112  8:03  Protoss Ground Weapons Level 2  
  110  8:08  Adept x3  
  110  8:09  Adept x5  
  120  8:17  Disruptor (Chrono Boost)  
  125  8:20  Disruptor (Chrono Boost)  
  125  8:23  Probe x3  
  125  8:25  Stargate  
  128  8:27  Pylon  
  128  8:31  Stalker x2  
  130  8:35  Adept  
  130  8:36  Adept x4  
  130  8:38  Pylon  
  130  8:39  Pylon  
  138  8:42  Pylon x2  
  138  8:44  Pylon x2  
  138  8:50  Stalker  
  138  8:51  Pylon  
  140  9:02  Adept x6  
  148  9:03  Adept  
  122  9:15  Stalker x5  
  122  9:16  Phoenix (Chrono Boost)  
  101  9:26  Probe x3  
  100  9:38  Probe x3  
  103  9:42  Phoenix (Chrono Boost)  
  105  9:49  Stalker  
  105  9:50  Stalker, Probe x2, Mothership Core, Pylon  
  105  9:52  Pylon  
  113  10:01  Stalker x2  
  113  10:02  Probe x2  
  119  10:11  Probe  
  120  10:14  Probe  
  120  10:15  Adept x4  
  126  10:25  Adept x2  
  111  10:41  Adept x4  
  94  11:01  Stalker x2  
  94  11:02  Probe x3  
  101  11:04  Stalker  
  96  11:24  Probe  
  96  11:25  Probe  
  87  11:29  Adept x6  
  95  11:38  Adept x2  
  75  11:57  Disruptor x2  
  75  12:06  Probe x2  

Tags
 
Add a new tag
Caveats
  • Supply blocks, unpowered buildings, or Contaminate may cause inaccurate times.
  • Supply counts are checked every 10 seconds.